 Dungeon Crawl Stone Soup version 0.28-a0-909-g796cbd3a86 (webtiles) character file.

Game seed: 3149465273714911388

507481 EnegeticOcto the Skirmisher (level 23, -44/202 (205) HPs)
             Began as a Troll Fighter on Nov 23, 2021.
             Was an Elder of Okawaru.
             Killed from afar by an ancient lich (81 damage)
             ... with a crystal spear
             ... on level 5 of the Realm of Zot on Nov 24, 2021.
             The game lasted 02:27:41 (60908 turns).

EnegeticOcto the Skirmisher (Troll Fighter)        Turns: 60908, Time: 02:27:41

HP:   -44/202 (205) AC: 22    Str: 30    XL:     23   Next: 87%
MP:   31/33         EV: 11    Int: 13    God:    Okawaru [****..]
Gold: 576           SH: 13    Dex: 14    Spells: 22/37 levels left

rFire   + + +      SeeInvis +     - Unarmed
rCold   + . .      Faith    .   D - +3 kite shield {AC+3}
rNeg    . . .      Spirit   .   y - +0 fire dragon scales of Hairiness {rF++ rC- Will++}
rPois   .          Reflect  .   b - +3 crown of Dyrovepreva {rElec Int+2 SInv}
rElec   +          Harm     .   d - +2 cloak {Will+}
rCorr   .          Rampage  .   (gloves unavailable)
Will    ++++.      Rage     1%  (boots unavailable)
Stlth   ++........              G - amulet "Guemneidd" {rC++ Regen+ Dex+5}
HPRegen 2.43/turn               L - ring of protection from fire
MPRegen 0.23/turn               M - +4 ring of slaying

@: mighty, on blink cooldown, hasted, studying Stealth, lightly drained,
invisible, unable to read, very quick
A: large, unfitting armour, claws 3, regeneration 1, shaggy fur 1, tough skin 1,
berserk 1, clever 1, weak 1, no potion heal 1, inability to read while
threatened
}: 3/15 runes: barnacled, silver, gossamer
a: Renounce Religion, Heroism, Finesse


You were on level 5 of the Realm of Zot.
You worshipped Okawaru.
Okawaru was greatly pleased with you.
You visited 10 branches of the dungeon, and saw 49 of its levels.
You visited the Abyss 1 time.

You collected 6449 gold pieces.
You spent 5873 gold pieces at shops.

Inventory:

Hand Weapons
 V - the +11 hunting sling of a bazaar {vorpal, rF+ rC+ Will+}
   (Okawaru gifted it to you on level 2 of the Spider Nest)

   Any ammunition fired from it inflicts extra damage upon your enemies.
   rF:        It protects you from fire.
   rC:        It protects you from cold.
   Will:      It increases your willpower.
 Y - a +0 rapier of distortion
   (You took it off a spriggan on level 6 of the Lair of Beasts)
Missiles
 a - 20 javelins
 c - 119 large rocks
 n - 17 silver boomerangs (quivered)
 H - 6 throwing nets {!f}
 K - 11 curare-tipped darts
 T - 7 silver javelins
Armour
 b - the +3 crown of Dyrovepreva (worn) {rElec Int+2 SInv}
   (You found it on level 14 of the Dungeon)

   Int:       It affects your intelligence (+2).
   rElec:     It insulates you from electricity.
   SInv:      It lets you see invisible.
 d - a +2 cloak of willpower (worn)
   (Okawaru gifted it to you on level 14 of the Dungeon)
 y - the +0 fire dragon scales of Hairiness (worn) {rF++ rC- Will++}
   (Okawaru gifted it to you on level 12 of the Dungeon)

   rF:        It greatly protects you from fire.
   rC:        It makes you vulnerable to cold.
   Will:      It greatly increases your willpower.
 D - a +3 kite shield of protection (worn)
   (Okawaru gifted it to you on level 5 of the Vaults)
Jewellery
 q - a +4 ring of protection
   (You took it off an orc on level 4 of the Dungeon)
 C - a ring of positive energy
   (You found it on level 12 of the Dungeon)
 G - the amulet "Guemneidd" (around neck) {rC++ Regen+ Dex+5}
   (You bought it in a shop on level 9 of the Dungeon)

   [amulet of regeneration]

   Dex:       It affects your dexterity (+5).
   rC:        It greatly protects you from cold.
   Regen:     It increases your rate of health regeneration.
 L - a ring of protection from fire (left claw)
   (You found it on level 2 of the Shoals)
 M - a +4 ring of slaying (right claw)
   (You bought it in a shop on level 2 of the Orcish Mines)
 O - the ring of the Mage {Wiz Will++ Int+3}
   (You found it on level 4 of the Shoals)

   [ring of wizardry]

   It improves your spell success rate.
   Int:       It affects your intelligence (+3).
   Will:      It greatly increases your willpower.
Wands
 w - a wand of polymorph (18)
   (You found it on level 5 of the Dungeon)
 x - a wand of mindburst (7)
   (You found it on level 5 of the Dungeon)
 A - a wand of paralysis (13)
   (You found it on level 6 of the Dungeon)
 E - a wand of digging (9) {@v3}
   (You found it on level 8 of the Dungeon)
 F - a wand of iceblast (18) {@v2}
   (You found it on level 8 of the Dungeon)
Scrolls
 h - 10 scrolls of teleportation {@r3 !r}
 j - a scroll of holy word
 m - 2 scrolls of fog {!r}
 p - 7 scrolls of vulnerability
 s - 3 scrolls of blinking {@r4}
 t - a scroll of fear {!r}
 I - 8 scrolls of magic mapping {@r5 !r}
 S - 2 scrolls of immolation
 Z - 2 scrolls of silence
Potions
 e - 5 potions of ambrosia
 g - 9 potions of lignification {@q6}
 o - 14 potions of curing {@q1 !q}
 r - 2 potions of cancellation
 u - 4 potions of magic
 v - 4 potions of heal wounds {@q2 !q}
 z - 6 potions of resistance
 B - 3 potions of attraction
 J - 3 potions of haste {@q4 !q}
 N - 3 potions of invisibility
 U - 6 potions of brilliance
 W - a potion of berserk rage
 X - 6 potions of might {@q3 !q}
Miscellaneous
 f - a tin of tremorstones (2/2)
   (You found it on level 3 of the Elven Halls)
 P - a lightning rod (4/4)
   (You found it on level 9 of the Dungeon)
 Q - a condenser vane
   (You found it on level 9 of the Dungeon)
 R - a phial of floods
   (You found it on level 9 of the Dungeon)


   Skills:
 - Level 7.9 Fighting
 - Level 7.9 Short Blades
 + Level 4.0 Axes
 - Level 7.9 Staves
 - Level 6.8(7.9) Slings
 - Level 7.9(9.7) Throwing
 - Level 7.9 Armour
 - Level 7.9 Dodging
 - Level 7.9 Stealth
 - Level 7.9 Shields
 - Level 7.9 Unarmed Combat
 - Level 7.9 Spellcasting
 - Level 7.9 Conjurations
 - Level 7.9 Hexes
 - Level 7.9 Summonings
 + Level 4.0 Necromancy
 - Level 7.9 Translocations
 - Level 7.9 Transmutations
 - Level 7.9 Ice Magic
 - Level 7.9 Air Magic
 - Level 7.9 Earth Magic
 - Level 7.9 Poison Magic
 - Level 7.9 Invocations
 - Level 7.9 Evocations


You had 22 spell levels left.
You knew the following spells:

 Your Spells              Type           Power      Damage    Failure   Level
a - Apportation           Tloc           50%        N/A       1%          1
b - Frozen Ramparts       Ice            50%        1d7       4%          3
c - Ozocubu's Armour      Ice            25%        N/A       4%          3
d - Teleport Other        Tloc           25%        N/A       4%          3
V - Swiftness             Air            25%        N/A       4%          3
Y - Blink                 Tloc           50%        N/A       2%          2

Your spell library contained the following spells:

 Spells                   Type           Power      Damage    Failure   Level
 Shock                    Conj/Air       100%       1d9       1%          1
 Slow                     Hex            100%       N/A       1%          1
 Sting                    Tmut/Pois      100%       1d8       1%          1
 Ensorcelled Hibernation  Hex/Ice        50%        N/A       2%          2
 Wereblood                Tmut           25%        N/A       2%          2
 Confusing Touch          Hex            25%        N/A       4%          3
 Dazzling Flash           Conj/Hex       50%        N/A       4%          3
 Gell's Gravitas          Tloc           25%        N/A       4%          3
 Lesser Beckoning         Tloc           25%        N/A       4%          3
 Portal Projectile        Hex/Tloc       50%        N/A       4%          3
 Spider Form              Tmut/Pois      25%        N/A       4%          3
 Stone Arrow              Conj/Erth      50%        3d10      4%          3
 Pain                     Necr           60%        1d7       7%          1
 Foxfire                  Conj/Fire      60%        2x1d7     8%          1
 Sublimation of Blood     Necr           15%        N/A       11%         2
 Airstrike                Air            12%        N/A       14%         4
 Hailstorm                Conj/Ice       25%        3d7       14%         4
 Ice Form                 Ice/Tmut       25%        N/A       14%         4
 Iskenderun's Mystic Bla  Conj/Tloc      25%        2d7       14%         4
 Leda's Liquefaction      Hex/Erth       12%        N/A       14%         4
 Olgreb's Toxic Radiance  Pois           25%        N/A       14%         4
 Petrify                  Tmut/Erth      25%        N/A       14%         4
 Conjure Flame            Conj/Fire      15%        6-21      22%         3
 Inner Flame              Hex/Fire       15%        N/A       22%         3
 Vampiric Draining        Necr           15%        2d7       22%         3
 Irradiate                Conj/Tmut      12%        3d18      38%         5
 Manifold Assault         Tloc           25%        N/A       38%         5
 Silence                  Hex/Air        12%        N/A       38%         5
 Dispel Undead            Necr           15%        3d10      56%         4
 Flame Wave               Conj/Fire      15%        3d5       58%         4
 Agony                    Necr           15%        N/A       89%         5
 Excruciating Wounds      Necr           7%         N/A       89%         5
 Dispersal                Tloc           12%        N/A       92%         6
 Eringya's Noxious Bog    Tmut/Pois      12%        N/A       92%         6
 Starburst                Conj/Fire      7%         6d4       100%        6
 Ozocubu's Refrigeration  Ice            12%        4d7       100%        7
 Disjunction              Tloc           12%        N/A       100%        8
 Lehudib's Crystal Spear  Conj/Erth      12%        10d4      100%        8
 Chain Lightning          Conj/Air       12%        3d16      100%        9
 Death's Door             Necr           7%         N/A       100%        9
 Fire Storm               Conj/Fire      7%         8d2       100%        9
 Shatter                  Erth           12%        3d13*     100%        9
 Summon Small Mammal      Summ           Unusable   N/A       N/A         1
 Call Canine Familiar     Summ           Unusable   N/A       N/A         3
 Animate Skeleton         Necr           Unusable   N/A       N/A         1
 Animate Armour           Summ/Erth      Unusable   N/A       N/A         4
 Summon Ice Beast         Ice/Summ       Unusable   N/A       N/A         4
 Summon Cactus Giant      Summ           Unusable   N/A       N/A         6
 Simulacrum               Ice/Necr       Unusable   N/A       N/A         6
 Malign Gateway           Summ/Tloc      Unusable   N/A       N/A         7

Dungeon Overview and Level Annotations

Branches:
Dungeon (15/15)            Temple (1/1) D:5            Lair (6/6) D:8
 Shoals (4/4) Lair:4       Spider (4/4) Lair:2        Slime (0/5) Lair:6
    Orc (2/2) D:10            Elf (3/3) Orc:2        Vaults (5/5) D:13
  Crypt (0/3) Vaults:2     Depths (4/4) D:15            Zot (5/5) Depths:4

Altars:
Ashenzari
Cheibriados
Dithmenos
Elyvilon
Fedhas
Gozag
Hepliaklqana
Kikubaaqudgha
Makhleb
Nemelex Xobeh
Okawaru
Qazlal
Ru
Sif Muna
Trog
Uskayaw
Vehumet
Wu Jian
Xom
Yredelemnul
Zin
The Shining One
Beogh
Jiyva
Lugonu

Shops:
D:2 *   D:5 *   D:6 (   D:9 =   D:15 [=**   Orc:1 =   Orc:2 *(=[   Elf:2 :=:
Vaults:4 [   Vaults:5 [*   Depths:2 *(   Depths:4 *:

Portals:
Hell: Depths:1 Depths:2 Depths:3 Depths:4
Abyss: Lair:6 Depths:1 Depths:3
Pandemonium: Depths:2 Depths:3
Ziggurat: Depths:1
Trove: D:14 (give 7 scrolls of blinking)

Annotations:
D:9 1 runed translucent door
Lair:1 2 transporters, ZangPog's ghost, journeyman DsGl
Shoals:1 Roxanne
Spider:2 3 runed translucent doors, xoxolimbo's ghost, adept DsIE
Elf:2 3 runed translucent doors
Vaults:3 36 runed doors
Depths:1 exclusion: orange crystal statue
Depths:3 1 runed translucent door, Helaemn's ghost, adept TeAE
Zot:5 1 runed translucent door, atomjack's ghost, veteran MiFi


Innate Abilities, Weirdness & Mutations

You are too large for most types of armour.
You have claws for hands.
Your natural rate of healing is unusually fast.
You are covered in fur. (AC +1)
You have tough skin. (AC +1)
You tend to lose your temper in combat.
Your mind is acute. (Int +2)
You are weak. (Str -2)
Potions are less effective at restoring your health.
You sometimes lose the ability to read scrolls when taking damage.


Message History

The Orb Guardian is severely wounded.
You scratch the Orb Guardian but do no damage.
The Orb Guardian is severely wounded.
You block the Orb Guardian's attack.
You completely miss the Orb Guardian.
The Orb Guardian is severely wounded.
The Orb Guardian hits you but does no damage.
You miss the Orb Guardian.
The Orb Guardian is severely wounded.
You mangle the Orb Guardian!!
You kill the Orb Guardian!
Okawaru accepts your kill.
Your base Axes skill increases to level 4!
Your Necromancy skill increases to level 4!
An ancient lich comes into view.
Items here: )) [[.
A curse toe comes into view.
Throw: 17 boomerangs (silver)
Press: ? - help, Q - select action, (/) - cycle Shift-Dir - straight line, f - ancient lich
Aim: an ancient lich (74% to hit)
You throw a silver boomerang.
The silver boomerang hits the ancient lich!
The ancient lich is lightly damaged.
The curse toe gestures.
You cannot read scrolls in your current state!
Unknown command.
You fade into invisibility!
You feel like a meek peon again.
The ancient lich gestures wildly while chanting.
The ancient lich flickers and vanishes for a moment.
The wandering mushroom releases spores at you but does no damage.
You block the deathcap's attack. The deathcap releases spores at you!
You are engulfed in a cloud of spores!
You block the wandering mushroom's attack.
You mangle the deathcap!!
The deathcap is heavily damaged.
The ancient lich mumbles some strange words.
The ancient lich seems to speed up.
You scratch the deathcap.
The deathcap is severely damaged.
You claw the deathcap!
The deathcap is almost destroyed.
You block the wandering mushroom's attack.
You block the deathcap's attack.
The wandering mushroom completely misses you.
The deathcap releases spores at you!
You are engulfed in a cloud of spores!
You are confused.
The curse toe calls on the powers of darkness!
Your body is wracked with pain!
You bump into the stone wall.
The deathcap releases spores at you.
You are engulfed in a cloud of spores!
You are more confused.
The wandering mushroom misses you. The deathcap barely misses you.
The curse toe calls on the powers of darkness!
Your body is wracked with pain!
* * * LOW HITPOINT WARNING * * *
Really quaff
o - 15 potions of curing {@q1 !q}?
Your system partially rejects the healing.
You feel better.
The wandering mushroom releases spores at you but does no damage.
You block the deathcap's attack. The wandering mushroom misses you.
You cannot read scrolls in your current state!
Unknown command.
Okay, then.
Okay, then.
Casting: Apportation (safe; 1% risk of failure)
Confirm with . or Enter, or press ? or * to list all spells.
Okay, then.
Casting: Apportation (safe; 1% risk of failure)
Confirm with . or Enter, or press ? or * to list all spells.
You blink.
The curse toe gestures.
The deathcap releases spores at you.
* * * LOW HITPOINT WARNING * * *
You are engulfed in a cloud of spores!
You feel stable enough to blink again.
The curse toe calls on the powers of darkness!
Your body is wracked with pain!
* * * LOW HITPOINT WARNING * * *
Your claws slow down.
Casting: Blink (safe; 2% risk of failure)
Confirm with . or Enter, or press ? or * to list all spells.
You blink.
You block the wandering mushroom's attack.
The ancient lich touches you!
* * * LOW HITPOINT WARNING * * *
You feel drained.
* * * LOW HITPOINT WARNING * * *
Casting: Blink (safe; 2% risk of failure)
Confirm with . or Enter, or press ? or * to list all spells.
You are still too unstable to blink.
Unknown command.
Okay, then.
Okay, then.
Really quaff
J - 4 potions of haste {@q4 !q}?
You feel yourself speed up. The ancient lich barely misses you.
The wandering mushroom releases spores at you but does no damage.
The curse toe gestures.
The ancient lich points at you and mumbles some strange words.
The crystal spear hits you!!!!
You die...

......##........## ##..#.≈.#.##..
......#....⌠..#..###..##.≈.#..#..
.<#...#....#..........###+##..#..
..#......|.............#.......).
....^.............#....#.........
.......###........#....##...###..
#######▓ ▓▓########.########▓ ▓▓#
,,,,,,** #...ffffz○f.....# **
,,,,,,,** ##..f@L........## **,
,,,,,,,,** #......^......# **,,
,,,,,,,,,* ##...f..f....## *,,,
.......,,* #...........# *,,,
.......,,* ##...........## *^,^
.......,,* #.......(..)..# *,^,
.......,^* ##[............#* *,,,
.......,,*##............)..#**,,,
.......,###[f.###########...#**,,


You could see an ancient lich (fast, invisible), a curse toe, 5 deathcaps and 3
wandering mushrooms.

Vanquished Creatures
  5 orbs of fire (Zot:5)
  3 juggernauts
  A curse toe (Zot:5)
  3 golden dragons
  2 bone dragons
  Arachne (Spider:4)
  An electric golem (Zot:5)
  4 tentacled monstrosities
  8 Orb Guardians (Zot:5)
  5 liches
  Asterion (Vaults:2)
  5 quicksilver dragons
  2 deep elf master archers (Elf:3)
  5 titans (Vaults:5)
  4 tentacled starspawn (Abyss:3)
  6 sphinxes
  3 death cobs
  A draconian monk (Zot:5)
  9 tengu reavers
  5 storm dragons
  A revenant (Vaults:2)
  A shadow dragon (Zot:4)
  Donald (Shoals:1)
  10 fire giants
  7 deep elf sorcerers
  6 ghost moths (Spider:4)
  6 frost giants
  Louise (Elf:1)
  12 vault wardens
  3 orc warlords
  A balrug (Depths:2)
  A draconian knight (Zot:5)
  4 deep elf elementalists (Elf:3)
  2 juggernaut zombies (Depths:3)
  A caustic shrike zombie (Depths:3)
  4 emperor scorpions
  2 iron dragons (Depths:3)
  A draconian stormcaller (Depths:4)
  3 draconian annihilators (Zot:5)
  4 draconian scorchers
  23 stone giants
  18 ironbound preservers
  7 very ugly things
  3 war gargoyles
  A lorocyproca (Depths:3)
  6 vampire knights
  8 deep elf demonologists
  3 red draconians
  A black draconian (Depths:4)
  5 white draconians
  6 spark wasps
  4 purple draconians
  A yellow draconian (Depths:4)
  5 entropy weavers
  16 deep elf annihilators
  A dire elephant (Vaults:3)
  8 deep elf death magi
  5 merfolk impalers (Shoals:4)
  5 crystal guardians
  17 yaktaur captains
  9 ettins
  5 merfolk javelineers (Shoals:4)
  4 jiangshi (Depths:3)
  Josephine (Shoals:2)
  10 deep elf high priests
  9 ice dragons
  2 fire dragons (Depths:1)
  Harold (D:8)
  10 great orbs of eyes
  3 peacekeepers (Vaults:3)
  2 ironbound thunderhulks
  29 vault guards
  8 boulder beetles
  19 hydras
  Fannar (D:12)
  9 ironbound frosthearts
  3 spriggan air magi
  2 ogre magi (Vaults:5)
  4 merfolk aquamancers
  5 rakshasas
  2 satyrs
  7 dancing weapons
  7 centaur warriors
  4 merfolk avatars
  2 catoblepae (D:9)
  8 deep troll shamans
  6 tengu warriors
  A titan zombie (Vaults:4)
  3 spriggan berserkers
  10 deep troll earth magi
  4 two-headed ogres
  11 hell knights
  Urug (D:10)
  A sun demon (Depths:3)
  3 thrashing horrors (Lair:6)
  An orc high priest (Orc:2)
  3 vampire magi
  7 deep elf knights
  11 iron trolls
  A storm dragon skeleton (Depths:3)
  A storm dragon zombie (Depths:3)
  5 skeletal warriors (D:11)
  A soul eater (Vaults:2)
  2 sixfirhies (Depths:2)
  2 golden dragon zombies (Depths:3)
  A wretched star (Abyss:3)
  6 sea snakes
  An iron troll (shapeshifter) (Vaults:5)
  3 flayed ghosts (Depths:3)
  71 deep trolls
  5 glowing orange brains
  17 deep elf zephyrmancers
  3 lindwurms
  11 deep elf archers
  28 harpies
  7 ironbound convokers
  3 phantasmal warriors
  11 wizards
  11 orc knights
  16 deep elf pyromancers
  Pikel (D:8)
  35 wolf spiders
  12 necromancers
  20 orb spiders
  A stone giant zombie (Vaults:2)
  10 manticores
  11 fauns
  53 ugly things
  5 orc sorcerers
  2 tengu skeletons
  9 cyclopes
  2 moths of wrath
  6 elephants (Lair:5)
  An elephant (shapeshifter) (Lair:6)
  A salamander (shapeshifter) (D:15)
  2 human skeletons
  A guardian serpent (shapeshifter) (D:13)
  2 torpor snails
  An ice statue (D:11)
  An iron dragon skeleton (Depths:3)
  8 merfolk sirens
  21 vault sentinels
  9 black mambas
  A stone giant skeleton (Vaults:4)
  2 rust devils
  2 frost giant skeletons (Depths:3)
  2 smoke demons
  A gargoyle (D:9)
  Maurice (D:12)
  2 spriggan skeletons (Depths:3)
  5 water nymphs
  An apocalypse crab (Abyss:3)
  4 orange demons
  7 cane toads
  16 demonic crawlers
  A kobold demonologist (D:12)
  Psyche (D:8)
  3 rime drakes
  4 komodo dragons
  2 tengu conjurers (Depths:3)
  3 freezing wraiths
  3 ice devils
  A red devil (D:14)
  5 ancient zymes
  A komodo dragon (shapeshifter) (Vaults:5)
  25 yaktaurs
  24 jumping spiders
  A hellwing (Depths:3)
  10 trolls
  5 wind drakes
  3 polar bears
  4 dream sheep (Shoals:3)
  22 merfolk
  6 hornets
  Prince Ribbit (D:9)
  A dream sheep (shapeshifter) (Vaults:5)
  36 slime creatures
  17 blink frogs
  An ettin zombie (Vaults:4)
  8 snapping turtles
  4 raiju (Abyss:3)
  4 flying skulls (Depths:3)
  A centaur simulacrum (D:15)
  2 spriggans
  70 redbacks
  A redback (shapeshifter) (Elf:3)
  4 ynoxinuls (Lair:6)
  28 tarantellas
  5 wraiths
  A vampire (D:9)
  15 basilisks
  2 shadows
  A human (D:11)
  12 water elementals
  6 wyverns
  46 yaks
  2 fire elementals
  A steam dragon (D:10)
  3 chaos spawn
  Grum (D:8)
  2 neqoxecs
  An elf skeleton (Vaults:4)
  5 wargs
  A harpy simulacrum (D:15)
  14 small abominations
  A human zombie (Vaults:2)
  7 large abominations
  12 water moccasins
  3 acid dragons
  A floating eye (shapeshifter) (Depths:3)
  10 ice beasts (D:11)
  26 orc warriors
  A necrophage (D:4)
  11 ogres
  14 wolves
  17 centaurs
  2 lemures (D:8)
  4 kobold brigands
  15 bullfrogs
  An elf zombie (Elf:1)
  2 earth elementals (Elf:3)
  2 scorpions
  2 water moccasin zombies
  4 killer bees
  5 wights (D:10)
  12 electric eels
  2 howler monkeys
  2 centaur zombies
  6 jellies
  A hound (shapeshifter) (Vaults:5)
  16 orc priests
  A hound (D:6)
  4 iguanas
  16 orc wizards
  6 hell rats (Lair:2)
  A killer bee zombie (D:7)
  2 human simulacra (D:9)
  A hound zombie (D:5)
  A hound skeleton (D:5)
  A howler monkey zombie (D:9)
  3 gnolls
  9 adders
  A shadow imp (D:8)
  A white imp (D:7)
  An ufetubus (D:6)
  A worm (D:2)
  4 dart slugs
  57 orcs
  4 endoplasms
  3 giant cockroaches (D:1)
  10 goblins
  7 hobgoblins
  6 jackals
  18 kobolds
  3 quokkas
  8 ball pythons
  3 bats
  6 frilled lizards
  26 rats
  A starspawn tentacle (Abyss:3)
1784 creatures vanquished.

Vanquished Creatures (others)
  A dread lich (Abyss:3)
  A vampire knight (Depths:4)
  A deep elf knight (Elf:1)
  3 wizards
  A harpy (Vaults:3)
  A large abomination (Elf:1)
  A kobold (D:11)
  17 fungi
  32 plants
  12 starspawn tentacles (Abyss:3)
70 creatures vanquished.

Grand Total: 1854 creatures vanquished

Notes
Turn   | Place    | Note
-------+----------+-------------------------------------------
     0 | D:1      | EnegeticOcto the Troll Fighter began the quest for the Orb.
     0 | D:1      | Reached XP level 1. HP: 22/22 MP: 0/0
    78 | D:1      | Found a faded altar of an unknown god.
   102 | D:1      | Reached XP level 2. HP: 26/29 MP: 1/1
   326 | D:1      | Reached skill level 3 in Fighting
   332 | D:1      | Reached XP level 3. HP: 37/37 MP: 2/2
   616 | D:2      | Reached skill level 3 in Unarmed Combat
   616 | D:2      | Found a glowing silver altar of Zin.
   975 | D:2      | Reached XP level 4. HP: 43/45 MP: 3/3
  1178 | D:2      | Found Edua's General Store.
  1182 | D:2      | Bought a scroll of identify for 26 gold pieces
  1505 | D:3      | Reached XP level 5. HP: 50/54 MP: 4/4
  1520 | D:3      | Reached skill level 4 in Unarmed Combat
  1718 | D:3      | Reached skill level 4 in Fighting
  2450 | D:4      | Noticed a necrophage
  2466 | D:4      | Killed a necrophage
  2467 | D:4      | Reached XP level 6. HP: 60/63 MP: 5/5
  2493 | D:4      | Reached skill level 5 in Unarmed Combat
  2547 | D:4      | Reached skill level 5 in Fighting
  2547 | D:4      | Reached XP level 7. HP: 61/72 MP: 6/6
  2823 | D:5      | Entered Level 5 of the Dungeon
  2886 | D:5      | Found a staircase to the Ecumenical Temple.
  2894 | Temple   | Entered the Ecumenical Temple
  3369 | D:5      | Found Vofixigu's Assorted Antiques.
  3377 | D:5      | Bought a crooked copper wand for 96 gold pieces
  3377 | D:5      | Bought a blackened pearl ring for 120 gold pieces
  3455 | D:5      | Reached skill level 6 in Unarmed Combat
  3661 | D:5      | Found a runed translucent door.
  3662 | D:5      | Noticed Crazy Yiuf
  3892 | D:5      | Reached skill level 6 in Fighting
  3892 | D:5      | Reached XP level 8. HP: 83/83 MP: 7/7
  3959 | D:5      | Noticed Crazy Yiuf
  3959 | D:5      | Crazy Yiuf changed into Crazy Yiuf the iguana
  3964 | D:5      | Killed Crazy Yiuf the iguana
  4023 | D:6      | Reached skill level 7 in Unarmed Combat
  4143 | D:6      | Found Feupleeb's Antique Weapon Shoppe.
  4672 | D:7      | Reached skill level 7 in Fighting
  5023 | D:8      | Noticed Psyche
  5119 | D:8      | Reached XP level 9. HP: 58/96 MP: 8/8
  5179 | D:8      | Noticed Grum
  5189 | D:8      | Reached skill level 1 in Throwing
  5196 | D:8      | Killed Grum
  5197 | D:8      | Reached skill level 3 in Dodging
  5207 | D:8      | Reached skill level 3 in Shields
  5269 | D:8      | Reached skill level 2 in Throwing
  5313 | D:8      | Found a staircase to the Lair.
  5321 | D:8      | Noticed Pikel
  5334 | D:8      | Killed Pikel
  5335 | D:8      | Reached skill level 3 in Throwing
  5494 | D:8      | Noticed Harold
  5504 | D:8      | Killed Harold
  5505 | D:8      | Reached skill level 4 in Dodging
  5505 | D:8      | Reached skill level 4 in Shields
  5540 | D:8      | Killed Psyche
  5541 | D:8      | Reached skill level 4 in Throwing
  5955 | D:8      | Reached XP level 10. HP: 94/104 MP: 9/9
  6118 | D:9      | Found Nich's Jewellery Shoppe.
  6255 | D:9      | Reached skill level 5 in Dodging
  6288 | D:9      | Reached skill level 5 in Shields
  6461 | D:9      | Noticed Prince Ribbit
  6472 | D:9      | Killed Prince Ribbit
  6515 | D:9      | Noticed a two-headed ogre
  6522 | D:9      | Killed a two-headed ogre
  6523 | D:9      | Reached skill level 5 in Throwing
  6594 | D:9      | Found a runed translucent door.
  6594 | D:9      | Noticed a gargoyle
  6594 | D:9      | Noticed a catoblepas
  6689 | D:9      | Reached skill level 6 in Dodging
  6693 | D:9      | Reached skill level 6 in Shields
  6786 | D:9      | Found a runed translucent door.
  6793 | D:9      | Noticed a two-headed ogre
  6795 | D:9      | Identified the ring "Tovuc" {MP+9 Str+2 Slay-6 SInv}
  6825 | D:9      | Reached skill level 6 in Throwing
  6874 | D:9      | Found an iron altar of Okawaru.
  6880 | D:9      | Became a worshipper of Warmaster Okawaru
  6901 | D:9      | Killed a gargoyle
  6926 | D:9      | Noticed a rakshasa
  6955 | D:9      | Killed a rakshasa
  6956 | D:9      | Reached XP level 11. HP: 57/111 MP: 10/10
  7112 | D:9      | Reached skill level 1 in Invocations
  7126 | D:9      | Reached * piety under Okawaru
  7245 | D:9      | Noticed a catoblepas
  7254 | D:9      | Noticed a four-headed hydra
  7259 | D:9      | Killed a catoblepas
  7260 | D:9      | Reached skill level 2 in Invocations
  7352 | D:9      | Killed a ten-headed hydra
  7352 | D:9      | Reached ** piety under Okawaru
  7459 | D:9      | Killed a catoblepas
  7460 | D:9      | Reached skill level 7 in Throwing
  7460 | D:9      | Reached skill level 7 in Dodging
  7460 | D:9      | Reached skill level 7 in Shields
  7496 | D:9      | Killed a two-headed ogre
  7497 | D:9      | Reached skill level 3 in Invocations
  7514 | D:9      | Reached *** piety under Okawaru
  7542 | D:9      | Got the Volume of Intoxication
  7560 | D:9      | Identified the +1 robe of Biosch {Harm rPois rF+}
  7647 | D:10     | Entered Level 10 of the Dungeon
  7721 | D:10     | Noticed Urug
  7732 | D:10     | Killed Urug
  7758 | D:10     | Found a staircase to the Orcish Mines.
  7957 | D:10     | Noticed a two-headed ogre
  7964 | D:10     | Killed a two-headed ogre
  7964 | D:10     | Reached **** piety under Okawaru
  7965 | D:10     | Reached skill level 4 in Invocations
  8154 | D:10     | Received a gift from Okawaru
  8637 | Lair:1   | Entered Level 1 of the Lair of Beasts
  8868 | Lair:1   | Reached XP level 12. HP: 117/119 MP: 14/14
  8931 | Lair:1   | Reached skill level 5 in Invocations
  8949 | Lair:1   | Found a transporter.
  8955 | Lair:1   | Noticed a four-headed hydra
  8956 | Lair:1   | Noticed ZangPog's ghost (journeyman DsGl)
  8959 | Lair:1   | Found a transporter.
  8964 | Lair:1   | Received a gift from Okawaru
  8983 | Lair:1   | Noticed a six-headed hydra
  8989 | Lair:1   | Killed a six-headed hydra
  9083 | Lair:1   | Received a gift from Okawaru
  9121 | Lair:1   | Reached skill level 6 in Invocations
  9490 | Lair:2   | Noticed a seven-headed hydra
  9496 | Lair:2   | Killed a seven-headed hydra
  9527 | Lair:2   | Noticed a six-headed hydra
  9539 | Lair:2   | Killed a six-headed hydra
  9540 | Lair:2   | Reached skill level 7 in Invocations
  9599 | Lair:2   | Noticed an eight-headed hydra
  9605 | Lair:2   | Killed an eight-headed hydra
  9904 | Lair:2   | Found a hole to the Spider Nest.
  9926 | Lair:2   | Reached skill level 1 in Evocations
  9972 | Lair:2   | Reached skill level 1 in Stealth
 10330 | Lair:2   | Received a gift from Okawaru
 10331 | Lair:2   | Reached skill level 2 in Evocations
 10393 | Lair:2   | Noticed a six-headed hydra
 10401 | Lair:2   | Reached skill level 2 in Stealth
 10403 | Lair:2   | Killed a six-headed hydra
 10410 | Lair:2   | Reached skill level 3 in Evocations
 10726 | Lair:3   | Noticed a seven-headed hydra
 10730 | Lair:3   | Killed a seven-headed hydra
 10730 | Lair:3   | Reached ***** piety under Okawaru
 10854 | Lair:3   | Reached skill level 3 in Stealth
 11020 | Lair:3   | Reached skill level 4 in Evocations
 11032 | Lair:3   | Received a gift from Okawaru
 11033 | Lair:3   | Reached XP level 13. HP: 94/127 MP: 17/17
 11265 | Lair:3   | Identified the +8 quarterstaff "Hotu" {freeze, Will+ rCorr}
                  | (Okawaru gifted it to you on level 3 of the Lair of Beasts)
 11265 | Lair:3   | Received a gift from Okawaru
 11710 | Lair:4   | Reached skill level 4 in Stealth
 11863 | Lair:4   | You fall into a shaft and drop 1 floor!
 11994 | Lair:5   | Reached skill level 5 in Evocations
 12219 | Lair:5   | Received a gift from Okawaru
 12485 | Lair:5   | Reached skill level 6 in Evocations
 12717 | Lair:5   | Reached skill level 5 in Stealth
 13090 | Lair:4   | Received a gift from Okawaru
 13259 | Lair:4   | Found a staircase to the Shoals.
 13727 | D:9      | Bought the amulet "Guemneidd" {rC++ Regen+ Dex+5} for 650
                  | gold pieces
 13736 | D:9      | Learned a level 1 spell: Apportation
 13740 | D:9      | Learned a level 3 spell: Frozen Ramparts
 13744 | D:9      | Learned a level 3 spell: Swiftness
 13748 | D:9      | Learned a level 3 spell: Teleport Other
 13929 | Lair:6   | Entered Level 6 of the Lair of Beasts
 14011 | Lair:6   | Found a staircase to the Slime Pits.
 14011 | Lair:6   | Found a viscous altar of Jiyva.
 14157 | Lair:6   | Reached skill level 1 in Armour
 14181 | Lair:6   | Reached skill level 1 in Ice Magic
 14318 | Lair:6   | Reached skill level 1 in Spellcasting
 14717 | Lair:6   | Received a gift from Okawaru
 14733 | Lair:6   | Reached skill level 2 in Armour
 14752 | Lair:6   | Reached XP level 14. HP: 96/135 MP: 15/18
 14760 | Lair:6   | Reached skill level 2 in Ice Magic
 15092 | Lair:6   | Reached skill level 7 in Evocations
 15093 | Lair:6   | Reached skill level 2 in Spellcasting
 15118 | Lair:6   | Found a corrupted altar of Lugonu.
 15118 | Lair:6   | Found a one-way gate to the infinite horrors of the Abyss.
 15598 | D:11     | Reached skill level 3 in Armour
 15627 | D:11     | Received a gift from Okawaru
 15798 | D:11     | Reached skill level 6 in Stealth
 15819 | D:11     | Reached skill level 3 in Ice Magic
 15917 | D:11     | Found a white marble altar of Elyvilon.
 16516 | D:11     | Noticed a frost giant
 16530 | D:11     | Killed a frost giant
 16607 | D:12     | Received a gift from Okawaru
 16624 | D:12     | Noticed Fannar
 16629 | D:12     | Killed Fannar
 16630 | D:12     | Reached skill level 3 in Spellcasting
 16670 | D:12     | Reached skill level 4 in Armour
 16684 | D:12     | Noticed Maurice
 16695 | D:12     | Killed Maurice
 16701 | D:12     | Reached ****** piety under Okawaru
 16781 | D:12     | Identified the +0 fire dragon scales of Hairiness {rF++ rC-
                  | Will++} (Okawaru gifted it to you on level 12 of the
                  | Dungeon)
 16781 | D:12     | Received a gift from Okawaru
 17200 | Orc:1    | Entered Level 1 of the Orcish Mines
 17242 | Orc:1    | Found Jamell's Jewellery Shoppe.
 17253 | Arena    | Entered the Arena
 17469 | Orc:1    | Reached skill level 4 in Ice Magic
 17693 | Orc:2    | Entered Level 2 of the Orcish Mines
 17946 | Orc:2    | Found a staircase to the Elven Halls.
 18210 | Orc:2    | Noticed an orc warlord
 18239 | Orc:2    | Killed an orc warlord
 18296 | Orc:2    | Reached XP level 15. HP: 143/143 MP: 12/19
 18345 | Orc:2    | Found Wodejog's Jewellery Shop.
 18394 | Orc:2    | Found Faina's Antique Armour Shop.
 18751 | Orc:2    | Found Paom's Antique Weapon Shop.
 18766 | Orc:2    | Found Riolute's General Store.
 18773 | Orc:2    | Bought a scroll of teleportation for 42 gold pieces
 18896 | Orc:2    | Bought a +4 ring of slaying for 1092 gold pieces
 19042 | D:13     | Reached skill level 5 in Armour
 19056 | D:13     | Found a gate to the Vaults.
 19651 | D:13     | Reached skill level 4 in Spellcasting
 19714 | D:13     | Learned a level 3 spell: Ozocubu's Armour
 20126 | D:14     | Received a gift from Okawaru
 20254 | D:14     | Reached skill level 5 in Ice Magic
 20286 | D:14     | Reached skill level 7 in Stealth
 20560 | D:14     | Found the +3 crown of Dyrovepreva {rElec Int+2 SInv}
 20591 | D:14     | Found a portal to a secret trove of treasure.
 20723 | D:15     | Entered Level 15 of the Dungeon
 20723 | D:15     | Found Qiaj's Jewellery Emporium.
 20829 | D:15     | Found Urenudou's Assorted Antiques.
 20839 | D:15     | Bought a blue potion for 34 gold pieces
 20940 | D:15     | Found Vuomozai's General Store.
 20948 | D:15     | Bought a potion of heal wounds for 70 gold pieces
 20971 | D:15     | Reached skill level 6 in Armour
 21027 | D:15     | Found Zeh Sovi's Antique Armour Shoppe.
 21058 | D:15     | Found a staircase to the Depths.
 21058 | D:15     | Noticed a fire giant
 21063 | D:15     | Killed a fire giant
 21635 | Lair:4   | Upgraded the game from 0.28-a0-899-gf2b78a14d2 to
                  | 0.28-a0-909-g796cbd3a86
 21636 | Shoals:1 | Entered Level 1 of the Shoals
 21636 | Shoals:1 | Noticed Donald
 21647 | Shoals:1 | Killed Donald
 22178 | Shoals:1 | Reached skill level 5 in Spellcasting
 22178 | Shoals:1 | Reached skill level 6 in Ice Magic
 22353 | Shoals:1 | Noticed Roxanne
 22689 | Shoals:2 | Identified the +11 longbow of Currency {vorpal, rF+ Will+}
 22788 | Shoals:2 | Reached XP level 16. HP: 111/150 MP: 15/22
 22795 | Shoals:2 | Reached skill level 7 in Armour
 22897 | Shoals:2 | Received a gift from Okawaru
 23268 | Shoals:1 | Noticed Josephine
 23277 | Shoals:2 | Killed Josephine
 23511 | Shoals:3 | Reached skill level 1 in Translocations
 23680 | Shoals:3 | Reached skill level 1 in Hexes
 24125 | Shoals:3 | Received a gift from Okawaru
 24126 | Shoals:3 | Reached skill level 2 in Translocations
 24364 | Shoals:4 | Entered Level 4 of the Shoals
 24399 | Shoals:4 | Identified the ring "Zilac" {Fire Str+3}
 24658 | Shoals:4 | Reached skill level 2 in Hexes
 24823 | Shoals:4 | Found the ring of the Mage {Wiz Will++ Int+3}
 24986 | Shoals:4 | Reached skill level 6 in Spellcasting
 24988 | Shoals:4 | Reached skill level 3 in Translocations
 25029 | Shoals:4 | Got a barnacled rune of Zot
 25264 | Shoals:4 | Reached skill level 3 in Hexes
 25905 | Spider:1 | Entered Level 1 of the Spider Nest
 26314 | Spider:1 | Reached skill level 4 in Translocations
 26639 | Spider:1 | Received a gift from Okawaru
 27070 | Spider:2 | Reached skill level 4 in Hexes
 27126 | Spider:2 | Reached XP level 17. HP: 139/158 MP: 23/26
 27502 | Spider:2 | Found a runed translucent gate.
 27514 | Spider:2 | Found a runed translucent gate.
 27515 | Spider:2 | Found a runed translucent gate.
 27521 | Spider:2 | Noticed xoxolimbo's ghost (adept DsIE)
 27658 | Spider:2 | Reached skill level 5 in Translocations
 27676 | Spider:2 | Identified the +11 hunting sling of a bazaar {vorpal, rF+
                  | rC+ Will+} (Okawaru gifted it to you on level 2 of the
                  | Spider Nest)
 27676 | Spider:2 | Received a gift from Okawaru
 27949 | Spider:3 | Reached skill level 7 in Spellcasting
 28251 | Spider:3 | Identified the +5 plate armour of Card Tricks {-Tele
                  | Will+++ rCorr Int-2}
 29197 | Spider:4 | Entered Level 4 of the Spider Nest
 29204 | Spider:4 | Reached skill level 5 in Hexes
 29364 | Spider:4 | Identified the +6 scimitar "Qearrim" {vorpal, rN+ rCorr
                  | Str-5 Dex+3} (Okawaru gifted it to you on level 4 of the
                  | Spider Nest)
 29364 | Spider:4 | Received a gift from Okawaru
 29527 | Spider:4 | Reached skill level 6 in Translocations
 30042 | Spider:4 | Noticed Arachne
 30060 | Spider:4 | Killed Arachne
 30085 | Spider:4 | Received a gift from Okawaru
 30086 | Spider:4 | Reached skill level 6 in Hexes
 30639 | Spider:4 | Reached skill level 7 in Translocations
 31040 | Spider:4 | Got a gossamer rune of Zot
 31494 | Vaults:1 | Entered Level 1 of the Vaults
 32183 | Vaults:1 | Reached XP level 18. HP: 167/167 MP: 28/28
 32320 | Vaults:1 | HP: 8/167 [redback (17)]
 32463 | Vaults:1 | Reached skill level 7 in Hexes
 32848 | Vaults:1 | Identified the +2 chain mail of the Morning Star {rC- SInv
                  | Stlth+}
 33388 | Vaults:2 | Found a staircase to the Crypt.
 33436 | Vaults:2 | Received a gift from Okawaru
 33551 | Vaults:2 | Reached skill level 7 in Ice Magic
 33984 | Vaults:2 | Noticed Asterion
 34008 | Vaults:2 | Killed Asterion
 34239 | Vaults:2 | Received a gift from Okawaru
 34240 | Vaults:2 | Reached skill level 1 in Air Magic
 34307 | Vaults:2 | Reached skill level 2 in Air Magic
 34342 | Vaults:2 | Received a gift from Okawaru
 34460 | Vaults:2 | Reached skill level 3 in Air Magic
 34602 | Vaults:2 | Received a gift from Okawaru
 35060 | Depths:1 | Entered Level 1 of the Depths
 35089 | D:15     | Received a gift from Okawaru
 35131 | D:15     | Reached skill level 4 in Air Magic
 35757 | Depths:1 | Found a sparkling altar of Nemelex Xobeh.
 35779 | Depths:1 | Reached skill level 5 in Air Magic
 35861 | Depths:1 | Received a gift from Okawaru
 35921 | Depths:1 | Found a gateway to Hell.
 36005 | Depths:1 | Reached skill level 6 in Air Magic
 36255 | Depths:1 | Reached XP level 19. HP: 174/174 MP: 29/29
 36451 | Depths:1 | Found a gateway to a ziggurat.
 36690 | Depths:1 | Reached skill level 7 in Air Magic
 37123 | Depths:2 | Noticed a golden dragon
 37163 | Depths:1 | Received a gift from Okawaru
 37599 | Depths:1 | Reached skill level 1 in Poison Magic
 38023 | Depths:2 | Found Hakk's Weapon Emporium.
 38177 | Depths:2 | Found Okhav's Assorted Antiques.
 38199 | Depths:2 | Bought a scroll labelled PUNNIRCH NARA for 32 gold pieces
 38199 | Depths:2 | Acquired 657 gold pieces
 38265 | D:15     | Bought the +2 hood of the Assassin {Detection Stab+
                  | Stlth++} for 1680 gold pieces
 38265 | D:15     | Found the +2 hood of the Assassin {Detection Stab+ Stlth++}
 38496 | Depths:2 | Reached skill level 2 in Poison Magic
 39331 | Depths:2 | Reached skill level 3 in Poison Magic
 39559 | Depths:2 | Reached skill level 4 in Poison Magic
 39770 | Depths:2 | Found a broken altar of Ashenzari.
 39946 | Depths:2 | Found a one-way gate leading to the halls of Pandemonium.
 39983 | Depths:2 | Reached skill level 5 in Poison Magic
 40318 | Depths:2 | Found Hakk's Weapon Emporium.
 40367 | Depths:2 | Found Okhav's Assorted Antiques.
 40529 | Depths:2 | Found a broken altar of Ashenzari.
 40767 | Depths:2 | Found a one-way gate leading to the halls of Pandemonium.
 41045 | Depths:2 | Found a broken altar of Ashenzari.
 41128 | Depths:2 | Found Okhav's Assorted Antiques.
 41150 | Depths:2 | Found a one-way gate leading to the halls of Pandemonium.
 41242 | Depths:2 | Found Hakk's Weapon Emporium.
 41699 | Depths:3 | Reached skill level 6 in Poison Magic
 41772 | Depths:3 | Noticed a golden dragon
 41785 | Depths:3 | Killed a golden dragon
 41972 | Depths:3 | Reached skill level 7 in Poison Magic
 42007 | Depths:3 | Found a runed translucent door.
 42008 | Depths:3 | Found a shimmering altar of Xom.
 42008 | Depths:3 | Noticed Helaemn's ghost (adept TeAE)
 42013 | Depths:3 | Identified the +3 scimitar of Winter {chaos, rCorr}
 42025 | Depths:3 | Received a gift from Okawaru
 42044 | Depths:3 | Identified the +1 robe of Wurep {Slay+2} (Okawaru gifted it
                  | to you on level 3 of the Depths)
 42044 | Depths:3 | Received a gift from Okawaru
 42347 | Depths:3 | Noticed a juggernaut
 42432 | Depths:3 | Killed a juggernaut
 42433 | Depths:3 | Reached skill level 1 in Conjurations
 42433 | Depths:3 | Reached skill level 1 in Transmutations
 42433 | Depths:3 | Reached skill level 1 in Earth Magic
 42433 | Depths:3 | Reached XP level 20. HP: 167/183 MP: 30/30
 42486 | Depths:3 | Identified the +2 pair of boots of Follow the Leader
                  | {*Corrode Str+10}
 42726 | Depths:3 | Reached skill level 2 in Earth Magic
 42762 | Depths:3 | Reached skill level 2 in Conjurations
 42762 | Depths:3 | Reached skill level 2 in Transmutations
 43014 | Depths:3 | Reached skill level 3 in Earth Magic
 43619 | Depths:4 | Entered Level 4 of the Depths
 43625 | Depths:4 | Noticed a juggernaut
 43640 | Depths:4 | Killed a juggernaut
 43641 | Depths:4 | Reached skill level 3 in Conjurations
 43641 | Depths:4 | Reached skill level 3 in Transmutations
 43694 | Depths:4 | Found Ehil's Book Shop.
 43699 | Depths:4 | Found Ecowog's Assorted Antiques.
 43704 | Depths:4 | Bought a potion of invisibility for 296 gold pieces
 43704 | Depths:4 | Bought a scroll of teleportation for 111 gold pieces
 43704 | Depths:4 | Bought a wand of digging (2) for 296 gold pieces
 44096 | Depths:4 | Reached skill level 4 in Earth Magic
 44302 | Depths:4 | Noticed a bone dragon
 44311 | Depths:4 | Reached skill level 4 in Conjurations
 44311 | Depths:4 | Reached skill level 4 in Transmutations
 44330 | Depths:4 | Killed a bone dragon
 44331 | Depths:4 | Reached skill level 5 in Earth Magic
 44337 | Depths:4 | Received a gift from Okawaru
 44454 | Depths:4 | Reached skill level 1 in Slings
 44574 | Depths:4 | Noticed a golden dragon
 44581 | Depths:4 | Killed a golden dragon
 44582 | Depths:4 | Reached skill level 2 in Slings
 44628 | Depths:4 | Noticed a juggernaut
 44646 | Depths:4 | Killed a juggernaut
 44646 | Depths:4 | Received a gift from Okawaru
 44762 | Depths:4 | Reached skill level 3 in Slings
 45255 | Depths:4 | Found a gate to the Realm of Zot.
 45682 | Elf:1    | Entered Level 1 of the Elven Halls
 46065 | Elf:1    | Reached skill level 4 in Slings
 46233 | Elf:1    | Noticed Louise
 46319 | Elf:1    | Killed Louise
 46356 | Elf:1    | Got Kykki's Guide on Necromancy
 46529 | Elf:1    | Reached skill level 5 in Slings
 46781 | Elf:1    | Identified the +1 chain mail "Nivvar" {Harm rPois Int-3
                  | Stlth+}
 46995 | Elf:2    | Found Risuompa's Book Shop.
 46995 | Elf:2    | Found Ykle's Jewellery Shoppe.
 46996 | Elf:2    | Found Esumuf's Book Shop.
 47133 | Elf:2    | Received a gift from Okawaru
 47471 | Elf:2    | Found a runed translucent gate.
 47471 | Elf:2    | Found a runed translucent gate.
 47471 | Elf:2    | Found a runed translucent gate.
 47538 | Elf:3    | Entered Level 3 of the Elven Halls
 47560 | Elf:3    | Reached skill level 6 in Slings
 47611 | Elf:3    | Reached XP level 21. HP: 146/189 MP: 31/31
 48743 | Elf:3    | Received a gift from Okawaru
 48782 | Elf:3    | HP: 9/189 [deep elf high priest/a malign offering (24)]
 49070 | Elf:3    | Reached skill level 6 in Earth Magic
 49072 | Elf:3    | Reached skill level 5 in Transmutations
 49084 | Elf:3    | Reached skill level 5 in Conjurations
 49267 | Elf:3    | Cast into level 3 of the Abyss (a deep elf sorcerer)
 49436 | Abyss:3  | Noticed a profane servitor
 49757 | Abyss:3  | Noticed a dread lich
 49781 | Abyss:3  | Killed a dread lich
 49784 | Elf:3    | Escaped the Abyss
 49788 | Elf:3    | Received a gift from Okawaru
 50036 | Elf:3    | Reached skill level 7 in Earth Magic
 50070 | Elf:3    | Identified the +3 leather armour of Magic {+Inv rElec rC++
                  | Int-4}
 50093 | Elf:3    | Got the Catalogue of Summoning and Dislocation
 50210 | Elf:3    | Identified the +4 robe of Inaction {Str+4 SInv}
 50244 | Elf:3    | Identified the +5 ring mail of Mirth {SInv}
 50256 | Elf:3    | Reached skill level 6 in Transmutations
 50658 | Vaults:2 | Reached skill level 6 in Conjurations
 50951 | Vaults:3 | Found a huge runed gate.
 50951 | Vaults:3 | Found a huge runed gate.
 50951 | Vaults:3 | Found a huge runed gate.
 50951 | Vaults:3 | Found a huge runed gate.
 50951 | Vaults:3 | Found a huge runed gate.
 50952 | Vaults:3 | Found a huge runed gate.
 50952 | Vaults:3 | Found a huge runed gate.
 50952 | Vaults:3 | Found a huge runed gate.
 50952 | Vaults:3 | Found a huge runed gate.
 50952 | Vaults:3 | Found a huge runed gate.
 50953 | Vaults:3 | Found a huge runed gate.
 50954 | Vaults:3 | Found a huge runed gate.
 50955 | Vaults:3 | Found a huge runed gate.
 50956 | Vaults:3 | Found a huge runed gate.
 50957 | Vaults:3 | Found a huge runed gate.
 50965 | Vaults:3 | Found a huge runed gate.
 50965 | Vaults:3 | Found a huge runed gate.
 50965 | Vaults:3 | Found a huge runed gate.
 50965 | Vaults:3 | Found a huge runed gate.
 50965 | Vaults:3 | Found a huge runed gate.
 50965 | Vaults:3 | Found a huge runed gate.
 50966 | Vaults:3 | Found a huge runed gate.
 51497 | Vaults:3 | Found a huge runed gate.
 51498 | Vaults:3 | Found a huge runed gate.
 51506 | Vaults:3 | Found a huge runed gate.
 51506 | Vaults:3 | Found a huge runed gate.
 51506 | Vaults:3 | Found a huge runed gate.
 51506 | Vaults:3 | Found a huge runed gate.
 51506 | Vaults:3 | Found a huge runed gate.
 51506 | Vaults:3 | Found a huge runed gate.
 51507 | Vaults:3 | Found a huge runed gate.
 51508 | Vaults:3 | Found a huge runed gate.
 51511 | Vaults:3 | Found a huge runed gate.
 51741 | Vaults:3 | Reached skill level 7 in Transmutations
 51753 | Vaults:3 | Reached skill level 7 in Conjurations
 52067 | Vaults:3 | Found a huge runed gate.
 52067 | Vaults:3 | Found a huge runed gate.
 52067 | Vaults:3 | Found a huge runed gate.
 52303 | Vaults:3 | Reached XP level 22. HP: 198/198 MP: 27/32
 52669 | Vaults:3 | Received a gift from Okawaru
 52951 | Vaults:3 | Reached skill level 1 in Summonings
 53173 | Vaults:4 | Reached skill level 2 in Summonings
 53277 | Vaults:4 | Received a gift from Okawaru
 53283 | Vaults:4 | Reached skill level 3 in Summonings
 53457 | Vaults:4 | Found Lemyo's Antique Armour Emporium.
 53514 | Vaults:4 | Reached skill level 4 in Summonings
 53591 | Vaults:4 | Received a gift from Okawaru
 53941 | Vaults:4 | Reached skill level 5 in Summonings
 54530 | Vaults:5 | Entered Level 5 of the Vaults
 54553 | Vaults:5 | Reached skill level 6 in Summonings
 54845 | Vaults:5 | Received a gift from Okawaru
 54892 | Vaults:5 | Found Riteorui's General Store.
 54908 | Vaults:5 | Reached skill level 7 in Summonings
 54959 | Vaults:5 | Got Fiobbocw's Grimoire of Shape Shifting and the Compass
 54961 | Vaults:5 | Bought a potion of curing for 48 gold pieces
 54961 | Vaults:5 | Bought a wand of paralysis (9) for 176 gold pieces
 54961 | Vaults:5 | Bought a wand of polymorph (3) for 80 gold pieces
 55118 | Vaults:5 | Identified the +2 chain mail of Valu {rF+ Str+2 Int+3}
 55136 | Vaults:5 | Received a gift from Okawaru
 55284 | Vaults:5 | Identified the +9 halberd "Meta" {drain, Int+4}
 55311 | Vaults:5 | Identified the -1 pair of gloves of Focus {rElec Int+3
                  | Dex+6}
 55329 | Vaults:5 | Received a gift from Okawaru
 55371 | Vaults:5 | Reached skill level 1 in Staves
 55391 | Vaults:5 | Reached skill level 2 in Staves
 55419 | Vaults:5 | Reached skill level 3 in Staves
 55439 | Vaults:5 | Identified the +7 long sword of Wu Jian's Vengeance {drain,
                  | rElec rC+ rCorr}
 55475 | Vaults:5 | Reached skill level 4 in Staves
 55546 | Vaults:5 | Received a gift from Okawaru
 55710 | Vaults:5 | Reached skill level 5 in Staves
 55840 | Vaults:5 | Reached skill level 6 in Staves
 55851 | Vaults:5 | Reached XP level 23. HP: 99/205 MP: 28/33
 56097 | Vaults:5 | Reached skill level 7 in Staves
 56320 | Vaults:5 | Found Bosuyf's Antique Armour Emporium.
 56419 | Vaults:5 | Reached skill level 1 in Short Blades
 56474 | Vaults:5 | Reached skill level 2 in Short Blades
 56599 | Vaults:5 | Reached skill level 3 in Short Blades
 56863 | Vaults:5 | Got a silver rune of Zot
 56869 | Vaults:5 | Reached skill level 4 in Short Blades
 57216 | Vaults:5 | Noticed an ancient lich
 57527 | Zot:1    | Entered Level 1 of the Realm of Zot
 57656 | D:15     | Bought a potion of might for 152 gold pieces
 57656 | D:15     | Bought a potion of curing for 114 gold pieces
 57656 | D:15     | Bought a scroll of teleportation for 114 gold pieces
 57656 | D:15     | Bought a potion of curing for 114 gold pieces
 57656 | D:15     | Bought a potion of curing for 114 gold pieces
 57865 | D:5      | Bought a potion of invisibility for 192 gold pieces
 58017 | Orc:2    | Bought a potion of invisibility for 112 gold pieces
 58017 | Orc:2    | Bought a potion of invisibility for 112 gold pieces
 58212 | Depths:1 | Received a gift from Okawaru
 58444 | Zot:2    | Reached skill level 5 in Short Blades
 58514 | Zot:3    | Learned a level 2 spell: Blink
 58858 | Zot:5    | Entered Level 5 of the Realm of Zot
 58858 | Zot:5    | Noticed an orb of fire
 58864 | Zot:5    | Gained mutation: Your body sometimes deteriorates upon
                  | taking damage. [an orb of fire]
 58882 | Zot:5    | Killed an orb of fire
 58883 | Zot:5    | Reached skill level 6 in Short Blades
 59116 | Zot:5    | Noticed a curse toe
 59151 | Zot:5    | Killed a curse toe
 59194 | Zot:5    | Received a gift from Okawaru
 59195 | Zot:5    | Reached skill level 7 in Short Blades
 59352 | Zot:5    | Found a runed translucent door.
 59356 | Zot:5    | Noticed atomjack's ghost (veteran MiFi)
 59685 | Zot:5    | Reached skill level 1 in Axes
 59685 | Zot:5    | Reached skill level 1 in Necromancy
 60275 | Zot:5    | Reached skill level 2 in Axes
 60279 | Zot:5    | Reached skill level 2 in Necromancy
 60433 | Zot:5    | Noticed an orb of fire
 60443 | Zot:5    | Gained mutation: You sometimes lose the ability to read
                  | scrolls when taking damage. [an orb of fire]
 60448 | Zot:5    | Gained mutation: Potions are less effective at restoring
                  | your health. [an orb of fire]
 60467 | Zot:5    | Killed an orb of fire
 60482 | Zot:5    | Lost mutation: Your body sometimes deteriorates upon taking
                  | damage. [potion of mutation]
 60482 | Zot:5    | Lost mutation: You sometimes lose the ability to read
                  | scrolls when taking damage. [potion of mutation]
 60482 | Zot:5    | Gained mutation: Your mind is acute. (Int +2) [potion of
                  | mutation]
 60482 | Zot:5    | Gained mutation: You are weak. (Str -2) [potion of
                  | mutation]
 60644 | Zot:5    | Noticed an orb of fire
 60661 | Zot:5    | Gained mutation: You sometimes lose the ability to read
                  | scrolls when taking damage. [an orb of fire]
 60672 | Zot:5    | Killed an orb of fire
 60673 | Zot:5    | Reached skill level 3 in Axes
 60673 | Zot:5    | Reached skill level 3 in Necromancy
 60822 | Zot:5    | Noticed an orb of fire
 60841 | Zot:5    | Killed an orb of fire
 60854 | Zot:5    | Noticed an orb of fire
 60858 | Zot:5    | Gained mutation: You tend to lose your temper in combat.
                  | [an orb of fire]
 60875 | Zot:5    | Killed an orb of fire
 60885 | Zot:5    | Reached skill level 4 in Axes
 60885 | Zot:5    | Reached skill level 4 in Necromancy
 60885 | Zot:5    | Noticed an ancient lich
 60887 | Zot:5    | Noticed a curse toe
 60908 | Zot:5    | Killed from afar by an ancient lich

Illustrated notes

Levels and vault maps discovered:
D:1:      roderic_crop_circles_arrival_small, layout_basic,
          ebering_ecumenical_altar_rust, hangedman_feature_mirror
D:2:      kennysheep_six_static_rooms, layout_basic, serial_forest,
          infiniplex_forest_lined_room_2, infiniplex_forest_clump_double,
          infiniplex_forest_straight_4, infiniplex_forest_clump_large,
          infiniplex_forest_corner_1, infiniplex_forest_clump_tiny,
          infiniplex_forest_lined_2, basic_altar, serial_shops, shop,
          minmay_rat_hole
D:3:      layout_basic
D:4:      layout_cave_pools
D:5:      layout_basic, minmay_temple_entry_mist, serial_shops,
          nicolae_diamond_shop, uniq_crazy_yiuf_cottage
D:6:      layout_cave_pools, serial_shops, nicolae_shop_crystal,
          serial_bayou_pond_c
D:7:      layout_cave_pools
D:8:      layout_cave_pods, dpeg_oklobed_lair, uniq_psyche, uniq_harold,
          uniq_grum, uniq_pikel
D:9:      minmay_the_grid_triangle_9x9_rhombus_thin
          [minmay_the_grid_triangle_9x9_negative_grid,
          minmay_the_grid_triangle_9x9_prize_center,
          minmay_the_grid_triangle_9x9_impossible_snake,
          minmay_the_grid_triangle_9x9_tough_junction], layout_basic,
          lemuel_doored_altar, serial_shops, shop, bh_circular_ruins,
          uniq_prince_ribbit1
D:10:     layout_loops_ring, orc_david_3, uniq_urug
D:11:     minmay_twisted_water, layout_basic, hangedman_stone_soup,
          elyvilon_altar_5
D:12:     layout_rooms, uniq_fannar, uniq_maurice
D:13:     layout_cave_pools, skrybe_vaults_entry_preservation,
          serial_column_ruins, column_ruins_hut_ruined, column_ruins_open_tiny,
          column_ruins_columns_dead_end, column_ruins_corridor_straight,
          column_ruins_columns_corner, column_ruins_open_tiny,
          column_ruins_open_tiny, column_ruins_columns_straight,
          kennysheep_decorative_pillar
D:14:     layout_irregular_city, nicolae_trove_entry_isolated, nicolae_wwwww,
          minmay_beelzebubs_servants
D:15:     grunt_enter_depths_giant_problem, layout_cave_pools,
          serial_park_gazebo [serial_park_minivault_5x5_4], serial_shops, shop,
          shop, nicolae_lakefront_shop, nicolae_shop_statue_plus, serial_park,
          serial_park_square1 [serial_park_minivault_5x5_4], serial_park_tiny_1,
          serial_park_tiny_pond, serial_park_tiny_1
Temple:   compressed_dpeg_triangle_lava_temple
Lair:1:   layout_roguey, nzn_ghost_randoct
Lair:2:   layout_gridlike, spider_nest_entry_webs, st_stairs_7,
          hangedman_lair_generics_rect
Lair:3:   layout_regular_city, serial_bayou, serial_bayou_lagoon_a,
          serial_bayou_lake_a, serial_bayou_pond_a, serial_bayou_ford_a
Lair:4:   layout_regular_city, elwin_shoals_entry_rooms
Lair:5:   layout_gridlike
Lair:6:   hellmonk_lair_end_abyssal_woods, layout_cave_shapes, slime_altar_1
Shoals:1: layout_shoals, uniq_donald, uniq_roxanne, uniq_josephine
Shoals:2: layout_shoals, nicolae_shoals_dead_sea_scrolls
Shoals:3: layout_shoals, nicolae_shoals_lost_giant_amphitheater
Shoals:4: shoals_end_simple, layout_shoals, nicolae_shoals_hunting_party
Spider:1: layout_spider_delve
Spider:2: layout_spider_delve, gammafunk_ghost_tricky_traps
Spider:3: layout_chambers
Spider:4: johnstein_spider_rune_arachne_lair, drop_trap, spiders_nest_the_unseen
Orc:1:    layout_diamond_mine, serial_shops, nicolae_lakefront_shop
Orc:2:    grunt_orc_cross, layout_caves
Elf:1:    layout_geoelf_diagonals, minmay_elf_necromancy, uniq_louise
Elf:2:    nicolae_elf_blades_splatter_lattice
          [nicolae_blade_entry_floor_patterns], layout_geoelf_grid,
          minmay_shop_grove
Elf:3:    minmay_elf_hall_hex, layout_loops_ring
Vaults:1: v_misc_15, vaults_room_grunt_arrival_ludios, ontoclasm_vaults_fault,
          ontoclasm_vaults_pinch, layout_vaults_omnigrid
Vaults:2: ontoclasm_vaults_fire_temple, minmay_crypt_entry_simple_corners,
          v_alt_pattern_1, hangedman_vaults_nodes, v_misc_26, v_misc_26,
          grunt_vaults_swirl, v_misc_18, nicolae_vaults_mini_display_case,
          layout_vaults_big_room, uniq_asterion
Vaults:3: v_rooms_2, v_misc_3, nicolae_vaults_puzzle_piece,
          nicolae_vaults_angled_halls, hangedman_vaults_unwind,
          ontoclasm_vaults_loading_screen, not_door_vault_mu, v_pattern_2,
          ontoclasm_vaults_hangar, vaults_room_boxed, vaults_room_grid,
          ontoclasm_vaults_misaligned, vaults_dpeg_encased_lava,
          vaults_room_guarded_vault, layout_vaults_omnibox
Vaults:4: vaults_room_semicircle, nicolae_vaults_little_ls,
          ontoclasm_vaults_gateway, nicolae_vaults_border_crossing,
          vaults_mumra_lcd, v_alt_pattern_2, hangedman_vaults_capsules,
          v_misc_12, hangedman_vaults_stretched_pinwheel,
          hangedman_vaults_stagger, grunt_vaults_hallway_long, v_alt_pattern_1,
          nicolae_vaults_hallways_thing, nicolae_vaults_little_squares_6,
          layout_vaults_maze, serial_shops, nicolae_shop_overgrown_old_shop
Vaults:5: serial_shops
Depths:1: minmay_crystal_thing, layout_cave_pools, enter_ziggurat_e,
          grunt_metal_band, abyss_entry, hangedman_decor_push, st_stairs_8,
          nemelex_xobeh_ov_fountains_minmay, serial_bayou_shore_b
Depths:2: nicolae_cairo_tiling_large_dashed, layout_long_grid,
          ashenzari_altar_1, rand_demon_pan_entry_7, serial_shops,
          nicolae_shop_statue_plus, nicolae_diamond_shop, hell_entry,
          infiniplex_staircase_door_maze
Depths:3: hangedman_screamer, layout_basic, ebering_ghost_xom,
          hangedman_decor_points, grunt_hell_entry_dis_mu,
          grunt_pan_entry_spiral, serial_sigils,
          serial_sigils_hangedman_confine, serial_sigils_hangedman_shear,
          serial_sigils_hangedman_scratch, serial_sigils_hangedman_shear,
          serial_sigils_hangedman_gut, abyss_entry, kennysheep_four_rooms
Depths:4: evilmike_zot_entry_diamond, layout_basic, hell_entry,
          chequers_serial_rivers_small_3, minmay_shop_star
Zot:1:    layout_cathedral_of_symmetry, door_vault
Zot:2:    circus_mu, layout_concentric_octagons
Zot:3:    kennysheep_ambush_hall, layout_twisted_circle
Zot:4:    layout_misc_corridors
Zot:5:    layout_cathedral_of_symmetry, ebering_ghost_reflecting_pool

Skill      XL: |  1  2  3  4  5  6  7  8  9 10 11 12 13 14 15 16 17 18 19 20 21 22 23 |
---------------+----------------------------------------------------------------------+-----
Fighting       | 3 4 5 6 7 |  7.9
Unarmed Combat | 3 4 5 6 7 |  7.9
Throwing       | 4 6 7 |  7.9
Dodging        | 4 6 7 |  7.9
Shields        | 4 6 7 |  7.9
Invocations    | 4 7 |  7.9
Evocations     | 4 6 7 |  7.9
Stealth        | 3 5 6 7 |  7.9
Armour         | 2 4 6 7 |  7.9
Ice Magic      | 1 4 6 7 |  7.9
Spellcasting   | 1 3 5 6 7 |  7.9
Translocations | 4 7 |  7.9
Hexes          | 4 6 7 |  7.9
Air Magic      | 6 7 |  7.9
Poison Magic   | 7 |  7.9
Conjurations   | 1 4 7 |  7.9
Transmutations | 1 4 7 |  7.9
Earth Magic    | 1 5 7 |  7.9
Slings         | 6 |  6.8
Summonings     | 7 |  7.9
Staves         | 6 7 |  7.9
Short Blades   | 7 |  7.9
Axes           | 4 |  4.0
Necromancy     | 4 |  4.0

Action                   |  1- 3 |  4- 6 |  7- 9 | 10-12 | 13-15 | 16-18 | 19-21 | 22-24 || total
-------------------------+-------+-------+-------+-------+-------+-------+-------+-------++-------
Melee: Unarmed           |   109 |   130 |   248 |   628 |  1515 |  1698 |  2012 |  1322 ||  7662
Throw: Dart              |       |       |     5 |    10 |    12 |    14 |     9 |       ||    50
       Boomerang         |       |       |       |    55 |    76 |   557 |   196 |   187 ||  1071
       Javelin           |       |       |       |     9 |   108 |    56 |   242 |    80 ||   495
       Large rock        |       |       |       |       |    75 |    96 |   198 |   134 ||   503
 Cast: Ozocubu's Armour  |       |       |       |       |     2 |     1 |       |       ||     3
       Apportation       |       |       |       |       |       |     5 |    13 |    25 ||    43
       Blink             |       |       |       |       |       |       |       |     2 ||     2
Invok: Heroism           |       |       |       |    10 |    27 |    40 |    45 |    38 ||   160
       Finesse           |       |       |       |     2 |    11 |    20 |    15 |    21 ||    69
       Duel              |       |       |       |       |     1 |       |       |       ||     1
Evoke: Wand              |       |       |     3 |    18 |    19 |    31 |    38 |    53 ||   162
       Lightning rod     |       |       |       |       |       |    15 |    10 |       ||    25
       Condenser vane    |       |       |       |       |       |     4 |     5 |     4 ||    13
       Phial of floods   |       |       |       |       |       |     1 |     4 |     1 ||     6
       Tin of tremorston |       |       |       |       |       |       |       |     5 ||     5
  Use: Scroll            |       |     6 |     7 |    13 |     9 |     6 |    12 |     9 ||    62
       Potion            |       |       |       |       |     2 |     6 |     9 |    11 ||    28
 Stab: Sleeping          |       |     1 |       |       |    10 |     2 |     8 |     1 ||    22
       Distracted        |       |     1 |       |       |     1 |     2 |     1 |       ||     5
       Petrified         |       |       |       |     7 |       |       |       |       ||     7
       Paralysed         |       |       |       |       |     3 |       |    14 |    27 ||    44
       Invisible         |       |       |       |       |       |       |     4 |       ||     4
Armor: Robe              |    40 |    34 |   117 |    42 |       |       |       |       ||   233
       Troll leather arm |       |       |       |   184 |   197 |       |       |       ||   381
       Fire dragon scale |       |       |       |       |   449 |   943 |   653 |   405 ||  2450
       Storm dragon scal |       |       |       |       |       |       |   238 |       ||   238
       Skin              |       |       |       |       |       |       |       |    37 ||    37
Dodge: Dodged            |    32 |    45 |    93 |   222 |   938 |   737 |   647 |   378 ||  3092
Block: Kite shield       |    30 |    42 |    91 |   272 |   933 |  1063 |  1140 |   660 ||  4231

Table legend: (Time is in decaauts)
 A = Elapsed time spent in this place.
 B = Non-inter-level travel time spent in this place.
 C = Inter-level travel time spent in this place.
 D = Time resting spent in this place.
 E = Time spent auto-exploring this place.
 F = Levels seen in this place.
 G = Mean time per level.
                   A        B        C        D        E       F      G
               +--------+--------+--------+--------+--------+-----+--------+
         Total |  59814 |  54836 |   4978 |   7399 |  30824 |  51 | 1172.8 |
       Dungeon |  14655 |  12392 |   2263 |    797 |   8234 |  15 |  977.0 |
        Temple |    433 |    433 |      0 |      0 |    317 |   1 |  433.0 |
          Lair |   6871 |   6049 |    822 |     64 |   4478 |   6 | 1145.2 |
        Shoals |   4457 |   4193 |    264 |    461 |   2355 |   4 | 1114.2 |
   Spider Nest |   5130 |   4927 |    203 |    694 |   2849 |   4 | 1282.5 |
  Orcish Mines |   1680 |   1401 |    279 |      0 |    865 |   2 |  840.0 |
   Elven Halls |   4158 |   3917 |    241 |    506 |   2079 |   3 | 1386.0 |
        Vaults |   9624 |   9198 |    426 |   1144 |   4555 |   5 | 1924.8 |
        Depths |   9790 |   9316 |    474 |   2192 |   4838 |   4 | 2447.5 |
           Zot |   2491 |   2488 |      3 |   1499 |    253 |   5 |  498.2 |
         Abyss |    470 |    470 |      0 |     13 |      0 |   1 |  470.0 |
         Arena |     50 |     50 |      0 |     25 |      0 |   1 |   50.0 |
               +--------+--------+--------+--------+--------+-----+--------+

Top non-repeatable levels by time:
Depths:2: 3854 daAuts
Vaults:5: 2487 daAuts
Vaults:3: 2195 daAuts
Depths:3: 2152 daAuts
   Elf:3: 2115 daAuts
   Zot:5: 1917 daAuts
Depths:4: 1899 daAuts
Vaults:2: 1896 daAuts
Depths:1: 1884 daAuts
Spider:4: 1869 daAuts
     D:9: 1710 daAuts
Vaults:1: 1709 daAuts
    D:15: 1407 daAuts
Spider:3: 1396 daAuts
Shoals:4: 1363 daAuts
